 Dungeon Crawl Stone Soup version 0.28.0 (webtiles) character file.

Game seed: 468979007091814294

245 Masnef the Ducker (level 6, -9/43 HPs)
             Began as an Octopode Wanderer on Feb 14, 2022.
             Was an Initiate of Nemelex Xobeh.
             Mangled by a wyvern skeleton (13 damage)
             ... on level 5 of the Dungeon.
             The game lasted 00:05:12 (3229 turns).

Masnef the Ducker (Octopode Wanderer)               Turns: 3229, Time: 00:05:13

Health: -9/43      AC:  3    Str:  9    XL:     6   Next: 10%
Magic:  6/9        EV: 15    Int: 13    God:    Nemelex Xobeh [......]
Gold:   197        SH:  0    Dex: 15    Spells: 6/9 levels left

rFire   . . .      SeeInvis .   a - +0 spear
rCold   . . .      Faith    .   (no shield)
rNeg    . . .      Spirit   .   b - +2 hat
rPois   .          Reflect  .   (no amulet)
rElec   .          Harm     .   i - ring of willpower
rCorr   .          Rampage  .   (no ring)
Will    +....      Clarity  +   (no ring)
Stlth   ++........              (no ring)
HPRegen 0.14/turn               (no ring)
MPRegen 0.11/turn               (no ring)
                                (no ring)
                                (no ring)

@: attractive
A: almost no armour, amphibious, 8 rings, camouflage 1, gelatinous body 1,
(nimble swimmer 1), tentacles, clarity, deterioration 1, weak 1, MP-powered
wands
a: Renounce Religion, Draw Escape, Draw Destruction, Draw Summoning


You were on level 5 of the Dungeon.
You worshipped Nemelex Xobeh.
Nemelex Xobeh was noncommittal.
You visited 1 branch of the dungeon, and saw 5 of its levels.

You collected 197 gold pieces.

Inventory:

Hand Weapons
 a - a +0 spear (weapon)
 g - a +0 dagger
Armour
 b - a +2 hat (worn)
Jewellery
 i - a ring of willpower (left tentacle)
Wands
 k - a wand of flame (15)
Scrolls
 c - 2 scrolls of fog
 h - a scroll of identify {unknown}
 j - a scroll of teleportation {unknown}
 m - a scroll of magic mapping {unknown}
 p - a scroll of noise {unknown}
 q - a scroll of amnesia {unknown}
Potions
 d - a potion of mutation
 e - a potion of attraction
 n - a potion of might {unknown}
 o - a potion of degeneration {unknown}
 r - a potion of ambrosia {unknown}


   Skills:
 + Level 4.0 Fighting
 - Level 2.0 Polearms
 + Level 5.5 Dodging
 * Level 2.2 Spellcasting
 * Level 0.6 Hexes
 - Level 1.1 Evocations


You had 6 spell levels left.
You knew the following spells:

 Your Spells              Type           Power      Damage    Failure   Level
a - Confusing Touch       Hex            3%         N/A       50%         3

Your spell library contained the following spells:

 Spells                   Type           Power      Damage    Failure   Level
 Slow                     Hex            12%        N/A       19%         1
 Foxfire                  Conj/Fire      4%         2x1d4     26%         1
 Tukima's Dance           Hex            3%         N/A       50%         3
 Inner Flame              Hex/Fire       2%         N/A       54%         3
 Conjure Flame            Conj/Fire      1%         6-21      58%         3
 Vampiric Draining        Necr           1%         2d6       58%         3
 Anguish                  Hex/Necr       1%         N/A       91%         4
 Flame Wave               Conj/Fire      1%         2d4       94%         4
 Enfeeble                 Hex            1%         N/A       100%        7


Dungeon Overview and Level Annotations

Branches:
Dungeon (5/15)
 Temple: D:4-7

Altars:
Cheibriados
Nemelex Xobeh
Xom
Beogh

Shops:
D:1 :

Annotations:
D:3 2 runed translucent doors, Galthrax's ghost, amateur MiMo
D:4 3 runed translucent doors, Edmund; Hylith's ghost, amateur HOFi


Innate Abilities, Weirdness & Mutations

You cannot wear most types of armour.
You are amphibious.
You can wear up to eight rings at the same time.
Your skin changes colour to match your surroundings (Stealth+).
Your rubbery body absorbs attacks. (AC +1, EV +1)
((You are camouflaged when in or above water. (Stealth+)))
You have tentacles for arms and can constrict up to eight enemies at once.
You possess an exceptional clarity of mind.
Your body sometimes deteriorates upon taking damage.
You are weak. (Str -2)
You expend magic power (3 MP) to strengthen your wands.


Message History

* * * LOW HITPOINT WARNING * * *
You feel very sick. The wyvern skeleton misses you. x2
Unknown command.
It was a potion of mutation.
You feel extremely strange.
You feel your magical essence link to the dungeon's wands.
You feel weaker.
You feel yourself wasting away.
Your thoughts seem clearer.
* * * LOW HITPOINT WARNING * * *
You feel sick. The wyvern skeleton bites you.
* * * LOW HITPOINT WARNING * * *
It was a potion of attraction.
You feel attractive to monsters.
* * * LOW HITPOINT WARNING * * *
You feel sick. The wyvern skeleton barely misses you.
It was a potion of curing.
You feel better.
The wyvern skeleton bites you but does no damage.
The wyvern skeleton bites you!
* * * LOW HITPOINT WARNING * * *
It was a potion of heal wounds.
You feel much better. The wyvern skeleton bites you.
You barely miss the wyvern skeleton.
The wyvern skeleton is lightly damaged.
The wyvern skeleton barely misses you.
You hit the wyvern skeleton.
The wyvern skeleton is moderately damaged.
The wyvern skeleton bites you.
You barely miss the wyvern skeleton. You tentacle-slap the wyvern skeleton.
You squeeze the wyvern skeleton!
The wyvern skeleton is heavily damaged.
The wyvern skeleton closely misses you. The wyvern skeleton bites you!
* * * LOW HITPOINT WARNING * * *
Aiming: Throw Flame
Press: ? - help, Shift-Dir - straight line, f - wyvern skeleton
Aim: a wyvern skeleton (heavily damaged, 98% to hit)
You feel a surge of power!
The puff of flame hits the wyvern skeleton.
The wyvern skeleton is severely damaged.
The wyvern skeleton bites you!
You die...
Your body disappears without a glow.

#.## ### #####
##.###.# ######...####
#....##
.......##...####
##..###
.....#######...###.###
..#### ###.....# ###
###...# # #...# #
#@..# # #Z.## # #†..#
# #..### #..# #..#
#..# #..# ...


You could see a wyvern skeleton.

Vanquished Creatures
  A scorpion (D:5)
  A water moccasin zombie (D:4)
  Jessica (D:3)
  A hound skeleton (D:4)
  4 adders (D:3)
  3 worms (D:3)
  3 dart slugs
  4 endoplasms
  8 giant cockroaches
  4 hobgoblins
  A quokka (D:2)
  4 ball pythons
  3 bats
  4 frilled lizards
  4 goblins
  5 kobolds
  5 rats
56 creatures vanquished.

Vanquished Creatures (others)
  A plant (D:3)
1 creature vanquished.

Grand Total: 57 creatures vanquished

Notes
Turn   | Place    | Note
-------+----------+-------------------------------------------
     0 | D:1      | Masnef the Octopode Wanderer began the quest for the Orb.
     0 | D:1      | Masnef set off with the following items: a +0 spear, a +2
                  | hat, a scroll of fog
     0 | D:1      | Reached XP level 1. HP: 14/14 MP: 2/2
    42 | D:1      | Found Fowenaic's Book Boutique.
   294 | D:1      | Found a faded altar of an unknown god.
   475 | D:1      | Reached XP level 2. HP: 20/20 MP: 3/3
   734 | D:2      | Found a shimmering altar of Xom.
   755 | D:2      | Reached XP level 3. HP: 25/26 MP: 4/4
  1314 | D:3      | Noticed Jessica
  1317 | D:3      | Killed Jessica
  1328 | D:3      | Reached XP level 4. HP: 32/32 MP: 5/5
  1711 | D:3      | Found a snail-covered altar of Cheibriados.
  2006 | D:3      | Reached XP level 5. HP: 34/37 MP: 7/7
  2030 | D:3      | Noticed Galthrax's ghost (amateur MiMo)
  2031 | D:3      | Found a large runed translucent door.
  2031 | D:3      | Found a large runed translucent door.
  2237 | D:3      | Found a sparkling altar of Nemelex Xobeh.
  2241 | D:3      | Became a worshipper of Nemelex Xobeh the Trickster
  2581 | D:4      | Reached skill level 5 in Dodging
  2763 | D:4      | Learned a level 3 spell: Confusing Touch
  2767 | D:4      | Noticed Edmund
  2951 | D:4      | Found a runed translucent gate.
  2952 | D:4      | Found a runed translucent gate.
  2953 | D:4      | Found a runed translucent gate.
  2954 | D:4      | Noticed Hylith's ghost (amateur HOFi)
  2957 | D:4      | Identified the +10 spear of Darkness {flame, Int+5}
  3112 | D:5      | Entered Level 5 of the Dungeon
  3220 | D:5      | Reached XP level 6. HP: 17/43 MP: 9/9
  3222 | D:5      | Gained mutation: You expend magic power (3 MP) to
                  | strengthen your wands. [potion of mutation]
  3222 | D:5      | Gained mutation: You are weak. (Str -2) [potion of
                  | mutation]
  3222 | D:5      | Gained mutation: Your body sometimes deteriorates upon
                  | taking damage. [potion of mutation]
  3222 | D:5      | Gained mutation: You possess an exceptional clarity of
                  | mind. [potion of mutation]
  3224 | D:5      | HP: 1/43 [wyvern skeleton (9)]
  3229 | D:5      | Mangled by a wyvern skeleton

Illustrated notes

Levels and vault maps discovered:
D:1:      lightli_arrival_isolated_outpost, layout_basic, serial_shops, shop,
          ebering_ecumenical_altar_box, kennysheep_small_spiral,
          amethyst_killhole, kennysheep_crisscross
D:2:      layout_loops_cross, basic_altar
D:3:      layout_loops_ring, cheibriados_altar_1, marbit_many_paths,
          ebering_ghost_disaster_area, serial_bayou_pond_e, hex_large,
          uniq_jessica
D:4:      layout_rooms, biasface_ghost_orc_armoury, chequers_garden, uniq_edmund
D:5:      layout_layer_cave, hangedman_decor_lopped, corexii_leaking_fountain,
          uniq_ijyb

Skill      XL: |  1  2  3  4  5 |
---------------+----------------+-----
Fighting       | 3 4 |  4.0
Dodging        | 5 |  5.5
Spellcasting   | 2 |  2.2
Polearms       | |  2.0
Hexes          | |  0.6
Evocations     | |  1.1

Action                   |  1- 3 |  4- 6 || total
-------------------------+-------+-------++-------
Melee: Spear             |    66 |    96 ||   162
       Constrict         |    14 |    17 ||    31
       Tentacles         |    13 |    23 ||    36
       Punch             |     1 |     2 ||     3
Evoke: Wand              |       |     1 ||     1
  Use: Potion            |       |     4 ||     4
 Stab: Sleeping          |     9 |     4 ||    13
Armor: Skin              |     8 |     6 ||    14
Dodge: Dodged            |    11 |    40 ||    51
